 Dungeon Crawl Stone Soup version 0.21.1-1-g345015fe64 (webtiles) character file.

28 PikkenKukken the Skirmisher (level 3, -7/29 HPs)
             Began as a Demonspawn Abyssal Knight on June 23, 2018.
             Was a Follower of Jiyva.
             Killed by Lugonu's touch (25 damage)
             ... on level 3 of the Dungeon.
             The game lasted 00:03:08 (695 turns).

PikkenKukken the Skirmisher (DsAK)                   Turns: 695, Time: 00:03:11

Health: -7/29      AC:  6    Str: 13    XL:     3   Next: 0%
Magic:  4/4        EV:  9    Int: 13    God:    Jiyva [*.....]
Gold:   84         SH:  0    Dex: 12    Spells: 2/2 levels left

rFire    . . .     SeeInvis .   a - +1 spear
rCold    . . .     Gourm    .   (no shield)
rNeg     . . .     Faith    .   g - +0 scale mail (curse)
rPois    .         Spirit   .   (no helmet)
rElec    .         Reflect  .   (no cloak)
rCorr    .         Harm     .   (no gloves)
MR       .....                  (no boots)
Stlth    ..........             (no amulet)
HPRegen  0.09/turn              (no ring)
MPRegen  0.09/turn              (no ring)

@: no status effects
A: demonic guardian 1
a: Request Jelly, Renounce Religion


You were on level 3 of the Dungeon.
You worshipped Jiyva.
Jiyva was aware of your devotion.
You were not hungry.

You visited 1 branch of the dungeon, and saw 3 of its levels.
You visited the Abyss 1 time.

You collected 84 gold pieces.

Inventory:

Hand Weapons
 a - a +1 spear (weapon)
Armour
 g - a cursed +0 scale mail (worn)
Scrolls
 e - a scroll of teleportation {unknown}
Comestibles
 c - a ration


   Skills:
 + Level 3.4 Fighting
 + Level 2.3 Polearms
 + Level 2.0 Armour
 + Level 1.3 Dodging
   Level 2.4 Invocations


You had 2 spell levels left.
You didn't know any spells.

Dungeon Overview and Level Annotations

Branches:
Dungeon (3/15)

Altars:


Innate Abilities, Weirdness & Mutations

A weak demonic guardian rushes to your aid.


Message History

There is a stone staircase leading down here.
Something completely misses your quasit.
You climb downwards.
There is a stone staircase leading up here.
You start resting.
All of the chunks of flesh in your inventory have rotted away.
You are no longer firmly anchored in space.
You start resting.
Jiyva says: Divide and consume!
You hear a distant slurping noise. x2
You hear a squelching noise.
You hear a distant slurping noise.
Jiyva appreciates your sacrifice.
You hear a distant slurping noise. x3
You hear a squelching noise.
You hear a distant slurping noise.
Jiyva appreciates your sacrifice.
You hear a distant slurping noise.
Lugonu's wrath finds you! Space warps crazily around you!
Ouch! That really hurt!
You die...

.#.##
.... ....
..# ..#
#.# #.#
#@#
#....#
...#.....
###.
..#### ##
... #.##
.# .#


There were no monsters in sight!

Vanquished Creatures
  An adder (D:2)
  A worm (D:2)
  A leopard gecko (D:2)
  A bat (D:1)
  4 giant cockroaches
  3 goblins (D:2)
  2 jackals (D:2)
  3 rats (D:2)
16 creatures vanquished.

Vanquished Creatures (collateral kills)
  A hobgoblin (D:2)
1 creature vanquished.

Vanquished Creatures (others)
  A leopard gecko (D:2)
  2 bats
  A goblin (D:3)
  A hobgoblin (D:2)
  A kobold (D:2)
  2 frilled lizards (D:2)
  A rat (D:2)
9 creatures vanquished.

Grand Total: 26 creatures vanquished

Notes
Turn   | Place    | Note
-------+----------+-------------------------------------------
     0 | Abyss:1  | PikkenKukken the Demonspawn Abyssal Knight began the quest for the Orb.
     0 | Abyss:1  | Reached XP level 1. HP: 18/18 MP: 2/2
     1 | Abyss:1  | Found a viscous altar of Jiyva.
    10 | Abyss:1  | Fell from the grace of Lugonu
    10 | Abyss:1  | Became a worshipper of Jiyva Jercheme the Shapeless
    43 | D:1      | Escaped the Abyss
   117 | D:1      | Noticed a small abomination
   179 | D:2      | Reached skill level 1 in Dodging
   207 | D:2      | Gained mutation: A weak demonic guardian rushes to your aid. [demonic ancestry]
   207 | D:2      | Reached XP level 2. HP: 11/24 MP: 3/3
   317 | D:2      | Reached * piety under Jiyva
   465 | D:2      | Reached XP level 3. HP: 25/29 MP: 4/4
   577 | D:2      | Noticed a small abomination
   695 | D:3      | Killed by Lugonu's touch

Skill      XL: |  1  2 |
---------------+-------+-----
Polearms       | 2 |  2.3
Dodging        | 1 |  1.3
Armour         | 2 |  2.0
Fighting       | |  3.4
Invocations    | |  2.4

Action                   || total
-------------------------++-------
Melee: Spear             ||    58
  Use: Potion            ||     1
 Stab: Distracted        ||     1
Armor: Leather armour    ||    25
       Scale mail        ||     4
Dodge: Dodged            ||    54
